 Dungeon Crawl Stone Soup version 0.23.2-40-g277498a001 (webtiles) character file.

Game seed: 15822296018025615180

1393 Napalmbreeze the Skirmisher (level 8, -4/71 HPs)
             Began as a White Draconian Earth Elementalist on Oct 4, 2019.
             Was a Believer of Vehumet.
             Slain by an orc warrior
             ... wielding a +0 long sword
              (19 damage)
             ... on level 6 of the Dungeon on Oct 13, 2019.
             The game lasted 00:26:11 (7058 turns).

Napalmbreeze the Skirmisher (DrEE)                  Turns: 7058, Time: 00:26:12

Health: -4/71      AC: 10    Str: 14    XL:     8   Next: 41%
Magic:  13/25      EV: 13    Int: 17    God:    Vehumet [**....]
Gold:   87         SH:  0    Dex: 12    Spells: 13/17 levels left

rFire    . . .     SeeInvis .   m - +3 mace (holy)
rCold    + . .     Gourm    .   (no shield)
rNeg     . . .     Faith    .   (armour unavailable)
rPois    .         Spirit   .   (helmet restricted)
rElec    .         Reflect  .   B - +0 cloak
rCorr    .         Harm     .   x - +2 pair of gloves {Str+3}
MR       .....                  (no boots)
Stlth    +++.......             (no amulet)
HPRegen  0.21/turn              e - ring of magical power
MPRegen  0.19/turn              g - ring of stealth

@: very slightly contaminated
A: breathe frost, unfitting armour, cold resistance 1, cold-blooded, AC +6
a: Breathe Frost, Renounce Religion


You were on level 6 of the Dungeon.
You worshipped Vehumet.
Vehumet was pleased with you.
You were not hungry.

You visited 2 branches of the dungeon, and saw 8 of its levels.

You collected 354 gold pieces.
You spent 267 gold pieces at shops.

Inventory:

Hand Weapons
 m - a +3 mace of holy wrath (weapon)
Missiles
 b - 134 stones (quivered)
Armour
 o - a cursed +0 large shield
 x - a +2 pair of gloves of strength (worn)
 B - a +0 cloak (worn)
Jewellery
 e - a ring of magical power (left hand)
 g - a ring of stealth (right hand)
Wands
 p - a wand of polymorph (5)
 r - a wand of iceblast (21)
 y - a wand of acid (9)
Scrolls
 d - 5 scrolls of identify
 h - 3 scrolls of teleportation {unknown}
 i - 2 scrolls of random uselessness {unknown}
 j - 3 scrolls of enchant armour {unknown}
 k - 3 scrolls of remove curse
 s - 2 scrolls of fear {unknown}
 t - 3 scrolls of amnesia {unknown}
 w - 2 scrolls of holy word {unknown}
 C - a scroll of magic mapping {unknown}
Potions
 a - 2 potions of degeneration {unknown}
 f - 3 potions of lignification
 l - 2 potions of ambrosia {unknown}
 n - a potion of curing {unknown}
 q - a potion of brilliance {unknown}
 u - 4 potions of magic {unknown}
 z - 2 potions of agility {unknown}
 A - a potion of berserk rage {unknown}
Comestibles
 c - 9 rations


   Skills:
 + Level 6.4 Fighting
 - Level 4.0 Maces & Flails
 + Level 3.8 Dodging
 - Level 1.8 Stealth
 - Level 5.4 Spellcasting
   Level 1.0 Transmutations
 - Level 4.0 Earth Magic


You had 13 spell levels left.
You knew the following spells:

 Your Spells              Type           Power        Failure   Level  Hunger
a - Sandblast             Erth           ###...       2%          1    None
s - Stone Arrow           Conj/Erth      ##....       19%         3    ##.....

Your spell library contained the following spells:

 Spells                   Type           Power        Failure   Level  Hunger
 Magic Dart               Conj           #...         14%         1    None
 Passwall                 Tmut/Erth      ##......     8%          2    #......
 Petrify                  Tmut/Erth      ##......     43%         4    ####...
 Lee's Rapid Deconstruct  Erth           ###.......   58%         5    ######.


Dungeon Overview and Level Annotations

Branches:
Dungeon (7/15)             Temple (1/1) D:6

Altars:
Ashenzari
Cheibriados
Dithmenos
Elyvilon
Fedhas
Gozag
Hepliaklqana
Kikubaaqudgha
Makhleb
Nemelex Xobeh
Okawaru
Qazlal
Ru
Sif Muna
Trog
Uskayaw
Vehumet
Wu Jian
Xom
Yredelemnul
Zin
The Shining One

Shops:
D:4 %   D:6 :?[!*


Innate Abilities, Weirdness & Mutations

You can breathe waves of freezing cold.
You can buffet flying creatures when you breathe cold.
Your icy white scales are hard. (AC +6)
You cannot fit into any form of body armour.
Your flesh is cold resistant. (rC+)
You are cold-blooded and may be slowed by cold attacks.


Message History

b - 134 stones The orc warrior hits you with a +0 long sword!
* * * LOW HITPOINT WARNING * * *
Really quaff the potion of lignification? [Y]es or [N]o only, please.
Really quaff the potion of lignification?
Okay, then.
An orc warrior is nearby!
Unknown command.
Unknown command.
Casting: Sandblast (safe; 2% risk of failure)
Confirm with . or Enter, or press ? or * to list all spells.
Aiming: Stone Arrow (safe; 19% risk of failure)
Press: ? - help, Shift-Dir - straight line, f/p - orc warrior
Aim: an orc warrior, wielding a +0 long sword and wearing a +0 plate armour (heavily wounded)
The stone arrow misses the orc warrior.
Okay, then.
Unknown command.
The orc warrior hits you with a +0 long sword!!
You die...

.......##PPP##....#.#
#.######P...P#....#.#
.......#P.>.P#..)<#.#############
.......#P...P#...>..............#
.......##P.P##...##.###########.#
........##'##....##..## #.#
........##.......##...## #.#
....÷...###.....o#.....## #.#
.........##.....@#.PP...#######.#
.........##).....#.P∩P..........#
.........##........PPP.##########
......_..########......#
.........# ######## ###......#
#....### ######


You could see an orc warrior.

Vanquished Creatures
  A sky beast (D:4)
  A centaur (D:5)
  4 ogres
  A bullfrog (D:6)
  A howler monkey (D:5)
  4 crimson imps
  A jelly (D:6)
  A centaur zombie (D:5)
  A hound (D:6)
  An orc priest (D:4)
  3 iguanas
  Natasha (thrice) (D:2)
  An orc wizard (D:6)
  3 worker ants
  A howler monkey zombie (D:5)
  6 gnolls
  8 adders
  A shadow imp (D:3)
  5 worms
  A dart slug (D:2)
  4 leopard geckos
  11 orcs
  8 giant cockroaches
  7 hobgoblins
  9 jackals
  4 quokkas
  A ball python (D:3)
  9 bats
  2 frilled lizards (D:2)
  10 goblins
  8 kobolds
  3 leopard gecko skeletons
  12 rats
136 creatures vanquished.

Notes
Turn   | Place    | Note
-------+----------+-------------------------------------------
     0 | D:1      | Napalmbreeze the Draconian Earth Elementalist began the
                  | quest for the Orb.
     0 | D:1      | Reached XP level 1. HP: 14/14 MP: 3/3
   316 | D:1      | Reached XP level 2. HP: 22/22 MP: 3/5
   345 | D:1      | Reached skill level 1 in Fighting
  1204 | D:2      | Found a radiant altar of Vehumet.
  1210 | D:2      | Became a worshipper of Vehumet
  1221 | D:2      | Reached XP level 3. HP: 27/28 MP: 2/6
  1270 | D:2      | Noticed Natasha
  1294 | D:2      | Killed Natasha
  1294 | D:2      | Reached skill level 2 in Fighting
  1471 | D:2      | Found a radiant altar of Vehumet.
  1546 | D:2      | Reached XP level 4. HP: 36/36 MP: 8/8
  1884 | D:2      | Noticed Natasha
  1903 | D:2      | Killed Natasha
  2337 | D:2      | Found a radiant altar of Vehumet.
  2344 | D:2      | Noticed Natasha
  2353 | D:2      | Killed Natasha
  2353 | D:2      | Reached skill level 3 in Fighting
  2353 | D:2      | Reached XP level 5. HP: 35/45 MP: 6/9
  2381 | D:2      | Found a radiant altar of Vehumet.
  2464 | D:2      | Learned a level 3 spell: Stone Arrow
  2583 | D:3      | Found a glowing golden altar of the Shining One.
  2808 | D:3      | Reached * piety under Vehumet
  2808 | D:3      | Offered knowledge of Sting by Vehumet.
  3450 | D:3      | Found a sacrificial altar of Ru.
  3460 | D:3      | Found an ancient bone altar of Kikubaaqudgha.
  3461 | D:3      | Found a glowing silver altar of Zin.
  3461 | D:3      | Found an ornate altar of the Wu Jian Council.
  4085 | D:4      | Noticed an ogre
  4212 | D:4      | Noticed a sky beast
  4293 | D:4      | Reached XP level 6. HP: 49/51 MP: 12/12
  4581 | D:4      | Reached skill level 5 in Spellcasting
  4690 | D:4      | Reached skill level 1 in Maces & Flails
  4690 | D:4      | Your scales start taking on an icy white colour.
  4690 | D:4      | Reached XP level 7. HP: 57/57 MP: 12/15
  4690 | D:4      | Gained mutation: Your flesh is cold resistant. (rC+) [White
                  | Draconian growth]
  4823 | D:4      | Found Ofirpheh's Food Shop.
  5014 | D:5      | Entered Level 5 of the Dungeon
  5029 | D:5      | Reached skill level 4 in Fighting
  5429 | D:5      | Offered knowledge of Magic Dart by Vehumet.
  5475 | D:5      | Reached skill level 5 in Fighting
  5605 | D:5      | Reached ** piety under Vehumet
  5866 | D:6      | Reached XP level 8. HP: 69/69 MP: 16/16
  5874 | D:6      | Found Ycsouh's Assorted Antiques.
  5886 | D:6      | Bought a white potion for 23 gold pieces
  5886 | D:6      | Bought a pair of embroidered gloves for 195 gold pieces
  5886 | D:6      | Bought a scroll labeled RABEAR FAONUUCW for 26 gold pieces
  5886 | D:6      | Bought a smoky white potion for 23 gold pieces
  5907 | D:6      | Found a staircase to the Ecumenical Temple.
  5915 | Temple   | Entered the Ecumenical Temple
  6185 | D:6      | Found Kosok Fun's Magic Scroll Boutique.
  6270 | D:6      | Found Wuipsufa's Book Emporium.
  6338 | D:6      | Found a shimmering altar of Xom.
  6453 | D:6      | Found a hazy altar of Hepliaklqana.
  6531 | D:6      | Found Johit's Distillery.
  6662 | D:6      | Reached skill level 6 in Fighting
  6663 | D:6      | Found a bloodstained altar of Trog.
  6688 | D:6      | Found Nial's Armour Boutique.
  6696 | D:6      | Found a snail-covered altar of Cheibriados.
  7058 | D:6      | Slain by an orc warrior

Skill      XL: |  1  2  3  4  5  6  7  8 |
---------------+-------------------------+-----
Fighting       | 1 2 3 5 6 |  6.4
Spellcasting   | 3 4 5 |  5.4
Earth Magic    | 4 |  4.0
Maces & Flails | 1 4 |  4.0
Dodging        | 2 3 |  3.8
Stealth        | |  1.8
Transmutations | |  1.0

Action                   |  1- 3 |  4- 6 |  7- 9 || total
-------------------------+-------+-------+-------++-------
Melee: Unarmed           |     6 |       |       ||     6
       Tailslap          |     5 |    10 |    12 ||    27
       Club              |    41 |    32 |       ||    73
       Mace              |       |    70 |   120 ||   190
 Cast: Sandblast         |    42 |    30 |    23 ||    95
       Stone Arrow       |       |    23 |    17 ||    40
 Abil: Breathe Frost     |       |       |     1 ||     1
  Use: Scroll            |       |     4 |       ||     4
 Stab: Sleeping          |       |     3 |     4 ||     7
  Eat: Chunk             |     2 |    12 |     9 ||    23
Armor: Skin              |    25 |    36 |    51 ||   112
Dodge: Dodged            |    49 |    76 |    90 ||   215
